 Dungeon Crawl Stone Soup version 0.28.0-47-ge53b351184 (webtiles) character file.

Game seed: 1410417317829952801

1553 Icepheonix32 the Chiller (level 8, -6/55 HPs)
             Began as a Demonspawn Ice Elementalist on May 4, 2022.
             Was a Follower of Okawaru.
             Mangled by Harold
             ... wielding a +4 mace of holy wrath
              (24 damage)
             ... on level 7 of the Dungeon.
             The game lasted 00:07:32 (6328 turns).

Icepheonix32 the Chiller (DsIE)                     Turns: 6328, Time: 00:07:34

Health: -6/55      AC: 12    Str:  8    XL:     8   Next: 57%
Magic:  10/15      EV: 12    Int: 18    God:    Okawaru [*.....]
Gold:   269        SH:  0    Dex: 21    Spells: 10/17 levels left

rFire   . . .      SeeInvis .   l - +4 short sword (elec)
rCold   . . .      Faith    .   (no shield)
rNeg    . . .      Spirit   .   x - +0 leather armour {rPois}
rPois   +          Reflect  .   m - +0 helmet
rElec   .          Harm     .   (no cloak)
rCorr   .          Rampage  .   k - +0 pair of gloves
Will    .....                   (no boots)
Stlth   ++........              (no amulet)
HPRegen 0.18/turn               j - +6 ring of dexterity
MPRegen 0.14/turn               (no ring)

@: ice-armoured, marked, freezing walls
A: claws 1, yellow scales 1, powered by death 1
a: Renounce Religion, Heroism


You were on level 7 of the Dungeon.
You worshipped Okawaru.
Okawaru was aware of your devotion.
You visited 1 branch of the dungeon, and saw 7 of its levels.

You collected 269 gold pieces.

Inventory:

Hand Weapons
 d - a +0 dagger
 e - a +0 spear
 l - a +4 short sword of electrocution (weapon)
 u - a +3 mace
Missiles
 c - 23 poisoned darts
 w - 7 curare-tipped darts
Armour
 a - a +0 robe
 k - a +0 pair of gloves (worn)
 m - a +0 helmet (worn)
 q - a +0 kite shield
 x - a +0 leather armour of poison resistance (worn)
Jewellery
 j - a +6 ring of dexterity (left hand)
 n - a ring of protection from cold
 p - an amulet of regeneration
 z - an amulet of the acrobat
 B - a +6 ring of strength
Wands
 t - a wand of flame (17)
Scrolls
 f - 7 scrolls of identify {unknown}
 h - 3 scrolls of teleportation {unknown}
 o - a scroll of enchant weapon {unknown}
 r - a scroll of torment {unknown}
 s - a scroll of enchant armour {unknown}
 y - a scroll of fear {unknown}
 C - a scroll of blinking {unknown}
 E - a scroll of silence {unknown}
Potions
 b - 3 potions of curing {unknown}
 g - 2 potions of haste {unknown}
 i - a potion of heal wounds {unknown}
 v - a potion of degeneration {unknown}
 A - a potion of mutation {unknown}
 D - a potion of brilliance {unknown}


   Skills:
 + Level 1.7 Fighting
 + Level 2.4 Short Blades
 + Level 0.5 Throwing
 + Level 2.2 Armour
 + Level 2.5 Dodging
 + Level 2.9 Stealth
 - Level 5.1 Spellcasting
 * Level 7.3 Ice Magic
 * Level 3.2 Invocations


You had 10 spell levels left.
You knew the following spells:

 Your Spells              Type           Power      Damage    Failure   Level
a - Freeze                Ice            100%       1d11      1%          1
b - Ozocubu's Armour      Ice            31%        N/A       2%          3
c - Frozen Ramparts       Ice            62%        1d8       2%          3

Your spell library contained the following spells:

 Spells                   Type           Power      Damage    Failure   Level
 Ensorcelled Hibernation  Hex/Ice        34%        N/A       6%          2
 Foxfire                  Conj/Fire      16%        2x1d4     19%         1
 Passwall                 Tmut/Erth      3%         N/A       28%         2
 Hailstorm                Conj/Ice       17%        3d6       38%         4
 Conjure Flame            Conj/Fire      4%         6-21      50%         3
 Inner Flame              Hex/Fire       4%         N/A       50%         3
 Swiftness                Air            4%         N/A       50%         3
 Flame Wave               Conj/Fire      4%         2d5       88%         4


Dungeon Overview and Level Annotations

Branches:
Dungeon (8/15)             Temple (0/1) D:5
   Lair: D:8-11

Altars:
Okawaru
Yredelemnul

Annotations:
D:5 2 runed translucent doors
D:7 Harold


Innate Abilities, Weirdness & Mutations

You have sharp fingernails.
You are partially covered in yellow scales. (AC +2)
You regenerate a little health from kills.


Message History

The walls around you are covered in ice.
The wall freezes Harold.
Harold throws a throwing net.
The throwing net hits you.
You become entangled in the net!
Unknown command.
Casting: Frozen Ramparts (dangerous; 2% risk of failure)
Confirm with . or Enter, or press ? or * to list all spells.
A film of ice covers your body!
The wall freezes Harold!
Unknown command.
You struggle against the net.
The wall freezes Harold!
Harold barely misses you.
You tear a large gash into the net.
The wall freezes Harold!
Harold closely misses you.
Unknown command.
You rip the net and break free!
The wall freezes Harold.
Harold barely misses you.
You hit Harold.
Harold is heavily wounded.
The wall freezes Harold.
Harold hits you with a +4 mace of holy wrath!
You convulse.
You completely miss Harold.
Harold is heavily wounded.
The wall freezes Harold.
Harold hits you but does no damage.
Unknown command.
You puncture Harold!
Harold is severely wounded.
The wall freezes Harold.
Harold completely misses you.
Unknown command.
You barely miss Harold.
Harold is severely wounded.
The wall freezes Harold!
Harold casts a spell at you. The mark upon you grows brighter.
Unknown command.
You barely miss Harold.
Harold is almost dead.
The wall freezes Harold.
Harold hits you with a +4 mace of holy wrath!
You convulse!!
You die...

..##..... .##.#...... #
...#...... .. #........
.. #........ ..
#.#...... #. #..#.....
#..#..#### ####.......
#.....@@.#####......#..#
#...####.##....###.#####
# #..#.######.<..#
##.......#####.#
##..###.... # ...## #.
#####


You could see Harold.

Vanquished Creatures
  Grinder (D:5)
  Eustachio (D:4)
  A sky beast (D:5)
  An orc warrior (D:5)
  2 necrophages (D:5)
  3 ogres
  A centaur (D:4)
  A kobold brigand (D:7)
  A scorpion (D:5)
  3 wights (D:8)
  2 orc priests (D:4)
  A hound (D:5)
  An iguana (D:5)
  2 orc wizards
  A hound skeleton (D:4)
  8 adders
  An ufetubus (D:5)
  An adder skeleton (D:4)
  8 orcs
  5 endoplasms
  2 giant cockroaches
  3 goblins
  2 hobgoblins
  3 jackals (D:1)
  5 quokkas
  7 ball pythons
  4 bats
  2 frilled lizards (D:3)
  11 kobolds
  A kobold zombie (D:3)
  4 rats (D:1)
89 creatures vanquished.

Vanquished Creatures (others)
  An adder (D:3)
  A dart slug (D:3)
  An endoplasm (D:3)
  A goblin (D:3)
  A ball python (D:3)
  A plant (D:1)
6 creatures vanquished.

Grand Total: 95 creatures vanquished

Notes
Turn   | Place    | Note
-------+----------+-------------------------------------------
     0 | D:1      | Icepheonix32 the Demonspawn Ice Elementalist began the
                  | quest for the Orb.
     0 | D:1      | Reached XP level 1. HP: 13/13 MP: 3/3
   472 | D:1      | Gained mutation: You regenerate a little health from kills.
                  | [demonic ancestry]
   472 | D:1      | Reached XP level 2. HP: 19/19 MP: 5/5
   679 | D:1      | Reached skill level 4 in Ice Magic
   960 | D:1      | Found a faded altar of an unknown god.
  1342 | D:2      | Reached XP level 3. HP: 19/24 MP: 3/6
  1346 | D:2      | Learned a level 3 spell: Ozocubu's Armour
  1350 | D:2      | Learned a level 3 spell: Frozen Ramparts
  1954 | D:3      | Noticed a human
  1954 | D:3      | Found a runed translucent door.
  1959 | D:3      | Found a basalt altar of Yredelemnul.
  2066 | D:3      | Reached XP level 4. HP: 8/30 MP: 6/8
  3270 | D:4      | Noticed an ogre
  3278 | D:4      | Killed an ogre
  3279 | D:4      | Gained mutation: You have sharp fingernails. [demonic
                  | ancestry]
  3279 | D:4      | Reached XP level 5. HP: 14/35 MP: 3/11
  3594 | D:4      | Reached skill level 5 in Ice Magic
  3594 | D:4      | Reached XP level 6. HP: 41/41 MP: 5/13
  3869 | D:4      | Reached skill level 5 in Spellcasting
  4417 | D:4      | Noticed Eustachio
  4430 | D:4      | Killed Eustachio
  4431 | D:4      | Reached skill level 1 in Short Blades
  4614 | D:5      | Entered Level 5 of the Dungeon
  4630 | D:5      | Found an iron altar of Okawaru.
  4633 | D:5      | Noticed an orc warrior
  4642 | D:5      | Gained mutation: You are partially covered in yellow
                  | scales. (AC +2) [demonic ancestry]
  4642 | D:5      | Reached XP level 7. HP: 12/47 MP: 11/14
  4876 | D:5      | Reached skill level 6 in Ice Magic
  4897 | D:5      | Became a worshipper of Warmaster Okawaru
  5194 | D:5      | Reached skill level 1 in Fighting
  5194 | D:5      | Reached skill level 1 in Armour
  5251 | D:5      | Reached skill level 1 in Invocations
  5428 | D:5      | Reached XP level 8. HP: 54/54 MP: 15/15
  5447 | D:5      | Found a runed translucent door.
  5449 | D:5      | Found a runed translucent door.
  5489 | D:5      | Found a staircase to the Ecumenical Temple.
  5536 | D:5      | Reached * piety under Okawaru
  5626 | D:5      | Noticed Grinder
  5627 | D:5      | Paralysed by Grinder for 6 turns
  5643 | D:5      | Paralysed by Grinder for 6 turns
  5658 | D:5      | Killed Grinder
  5659 | D:5      | Reached skill level 7 in Ice Magic
  5939 | D:5      | You fall into a shaft and drop 3 floors!
  6313 | D:7      | Noticed Harold
  6328 | D:7      | Mangled by Harold

Illustrated notes

Levels and vault maps discovered:
D:1:      co_arrival_square_in_a_square_in_a_square, layout_basic,
          shapermc_ecumenical_altar_petra, serial_glass, glass_columns_c,
          glass_columns_a, chequers_jeans
D:2:      layout_basic, nicolae_underground_beach
D:3:      layout_basic, dk_yredelemnul_ordeal, kennysheep_crisscross
D:4:      layout_basic, uniq_eustachio
D:5:      lemuel_insect_pit, layout_layer_cave, okawaru_ov_weapons_minmay,
          minmay_temple_entry_from_below_b, kennysheep_cluttered_room,
          uniq_grinder, uniq_crazy_yiuf_cottage
D:7:      layout_rooms, uniq_harold
D:8:      layout_rooms, minmay_puff, uniq_joseph, uniq_pikel

Skill      XL: |  1  2  3  4  5  6  7  8 |
---------------+-------------------------+-----
Ice Magic      | 4 5 6 7 |  7.3
Spellcasting   | 3 4 5 |  5.1
Short Blades   | 1 2 |  2.4
Stealth        | 2 |  2.9
Dodging        | 2 |  2.5
Fighting       | 1 |  1.7
Armour         | 1 2 |  2.2
Invocations    | 1 3 |  3.2
Throwing       | |  0.5

Action                   |  1- 3 |  4- 6 |  7- 9 || total
-------------------------+-------+-------+-------++-------
Melee: Unarmed           |     8 |       |       ||     8
       Spear             |    61 |       |       ||    61
       Punch             |     1 |     2 |       ||     3
       Short sword       |       |    89 |    62 ||   151
Throw: Dart              |       |       |     6 ||     6
 Cast: Freeze            |    33 |     7 |       ||    40
       Frozen Ramparts   |       |     5 |     7 ||    12
       Ozocubu's Armour  |       |     7 |     7 ||    14
 Stab: Sleeping          |     6 |     5 |     1 ||    12
Armor: Robe              |     7 |    28 |       ||    35
       Leather armour    |       |       |    21 ||    21
Dodge: Dodged            |    49 |    55 |    31 ||   135
